 Dungeon Crawl Stone Soup version 0.27.1-33-g824d729ab1 (webtiles) character file.

Game seed: 2964285925520756494

396 hilljack the Chopper (level 6, -4/53 (55) HPs)
             Began as a Hill Orc Fighter on Dec 24, 2021.
             Was an Initiate of Qazlal.
             Slain by an ogre (10 damage)
             ... on level 4 of the Dungeon.
             The game lasted 00:05:24 (3678 turns).

hilljack the Chopper (Hill Orc Fighter)             Turns: 3678, Time: 00:05:25

HP:   -4/53 (55)    AC: 11    Str: 21    XL:     6   Next: 82%
MP:   6/6           EV:  5    Int: 14    God:    Qazlal [......]
Gold: 160           SH: 10    Dex: 10    Spells: 5/5 levels left

rFire    . . .     SeeInvis .   a - +2 war axe
rCold    . . .     Faith    .   c - +0 kite shield
rNeg     + . .     Spirit   .   k - +0 chain mail
rPois    .         Reflect  .   (no helmet)
rElec    .         Harm     .   (no cloak)
rCorr    .         Rampage  .   (no gloves)
Will     .....                  m - +1 pair of boots
Stlth    ..........             d - amulet of magic regeneration
HPRegen  0.17/turn              o - ring of positive energy
MPRegen  0.35/turn              i - +6 ring of intelligence

@: lightly drained
A: no striking features
a: Renounce Religion


You were on level 4 of the Dungeon.
You worshipped Qazlal.
Qazlal was noncommittal.
You visited 1 branch of the dungeon, and saw 4 of its levels.

You collected 160 gold pieces.

Inventory:

Hand Weapons
 a - a +2 war axe (weapon)
Missiles
 f - 20 bolts
Armour
 c - a +0 kite shield (worn)
 k - a +0 chain mail (worn)
 m - a +1 pair of boots (worn)
Jewellery
 b - a ring of fire
 d - an amulet of magic regeneration (around neck)
 i - a +6 ring of intelligence (right hand)
 o - a ring of positive energy (left hand)
Scrolls
 h - a scroll of teleportation
Potions
 e - a potion of brilliance
 g - a potion of berserk rage
 n - 2 potions of curing
 p - a potion of magic


   Skills:
 + Level 4.8 Fighting
 * Level 5.7 Axes
 + Level 4.4 Armour
 * Level 5.4 Shields


You had 5 spell levels left.
You didn't know any spells.
Your spell library contained the following spells:

 Spells                   Type           Power      Damage    Failure   Level
 Animate Skeleton         Necr           0%         N/A       100%        1
 Apportation              Tloc           0%         N/A       100%        1
 Beastly Appendage        Tmut           0%         N/A       100%        1
 Corona                   Hex            0%         N/A       100%        1
 Summon Small Mammal      Summ           0%         N/A       100%        1
 Ensorcelled Hibernation  Hex/Ice        0%         N/A       100%        2
 Spider Form              Tmut/Pois      0%         N/A       100%        3
 Conjure Ball Lightning   Conj/Air       0%         3x3d6     100%        6
 Shadow Creatures         Summ           N/A        N/A       100%        6
 Statue Form              Tmut/Erth      0%         N/A       100%        6
 Orb of Destruction       Conj           0%         N/A       100%        7


Dungeon Overview and Level Annotations

Branches:
Dungeon (4/15)
 Temple: D:4-7

Altars:
Hepliaklqana
Makhleb
Nemelex Xobeh
Qazlal


Message History

The orc wizard flickers and vanishes!
Deactivating autopickup; reactivate with Ctrl-A.
You hit something.
Something hits you but does no damage. x2
You slash something! Qazlal accepts your kill.
Reactivating autopickup.
You feel a bit more experienced.
Things that are here:
a +0 dagger; a +0 robe
Things that are here:
a +2 dagger of draining; a +0 robe You hear the hiss of a very distant avalanche of sand.
You hear the hiss of a very distant avalanche of sand.
HP restored.
Found a scale mail.
You see here a +0 scale mail.
Found 19 gold pieces.
An endoplasm and an ogre come into view.
The endoplasm quivers.
The ogre shouts!
Your chain mail prevents you from hitting the ogre.
The ogre barely misses you.
You slash the ogre!
The ogre is heavily wounded.
The ogre hits you with a +0 giant club!!
You slash the ogre!
The ogre is almost dead.
The ogre hits you with a +0 giant club!!
* * * LOW HITPOINT WARNING * * *
You are too injured to fight recklessly!
You are too injured to fight recklessly!
You are too injured to fight recklessly!
You barely miss the ogre.
The ogre is almost dead.
You hit the endoplasm. The endoplasm freezes you.
You are frozen.
* * * LOW HITPOINT WARNING * * *
The ogre hits you with a +0 giant club!
You die...

.# # .# #. .# #####.
.# ... ......##.# ...
.........#####. #.#
#..JO.......
#.###########@.....$.
#.#..........#.......
#.#.########.####.###
#.#.# #.# #
####.#.###### #.#
.....[.......##.#
..###..#####.....
..###..# ..#
.)#...... ..#


You could see an ogre and an endoplasm.

Vanquished Creatures
  Sigmund (D:2)
  Natasha (thrice) (D:3)
  2 orc wizards (D:4)
  3 adders (D:2)
  A worm (D:2)
  3 dart slugs
  4 orcs
  8 endoplasms
  7 giant cockroaches
  9 goblins
  6 hobgoblins
  2 quokkas
  12 ball pythons
  6 bats
  6 frilled lizards
  6 kobolds
  6 rats
85 creatures vanquished.

Vanquished Creatures (others)
  2 plants (D:1)
2 creatures vanquished.

Grand Total: 87 creatures vanquished

Notes
Turn   | Place    | Note
-------+----------+-------------------------------------------
     0 | D:1      | hilljack the Hill Orc Fighter began the quest for the Orb.
     0 | D:1      | Reached XP level 1. HP: 19/19 MP: 1/1
    24 | D:1      | Got Vyedweuc's Reference Book on Hurtful Transmigration
   184 | D:1      | Reached XP level 2. HP: 27/27 MP: 2/2
   455 | D:1      | Reached XP level 3. HP: 31/33 MP: 3/3
   912 | D:2      | Reached XP level 4. HP: 40/40 MP: 4/4
  1745 | D:2      | Noticed Sigmund
  1752 | D:2      | Killed Sigmund
  1753 | D:2      | Reached skill level 5 in Axes
  1753 | D:2      | Reached XP level 5. HP: 27/47 MP: 5/5
  1753 | D:2      | Reached XP level 6. HP: 30/53 MP: 6/6
  2463 | D:3      | Found a stormy altar of Qazlal.
  2466 | D:3      | Became a worshipper of Qazlal Stormbringer
  2509 | D:3      | Reached skill level 5 in Shields
  2630 | D:3      | Found a hazy altar of Hepliaklqana.
  2782 | D:3      | Noticed Natasha
  2787 | D:3      | Killed Natasha
  2792 | D:3      | Noticed Natasha
  2798 | D:3      | Killed Natasha
  3010 | D:3      | Noticed Natasha
  3019 | D:3      | Killed Natasha
  3338 | D:3      | Found a burning altar of Makhleb.
  3399 | D:4      | Found a sparkling altar of Nemelex Xobeh.
  3678 | D:4      | Slain by an ogre

Illustrated notes

Levels and vault maps discovered:
D:1:      lightli_arrival_chessboard, layout_loops_cross, serial_bayou_pond_b
D:2:      layout_basic, minmay_pentomino_s4, uniq_sigmund
D:3:      layout_loops_ring, lemuel_round_altar, lemuel_doored_altar,
          lemuel_crystal_altar, kennysheep_crisscross, nrook_campfire,
          grunt_ministairs_8, minmay_misc_feat_tiny, kennysheep_potato,
          uniq_natasha
D:4:      layout_loops_ring, mainiacjoe_overflow_alcove_2,
          nicolae_overflow_hidden_temple, general_overflow_altar,
          nicolae_ossuary_entry_monument, dk_rats_in_the_wall

Skill      XL: |  1  2  3  4  5  6 |
---------------+-------------------+-----
Axes           | 3 5 |  5.7
Fighting       | 4 |  4.8
Shields        | 4 5 |  5.4
Armour         | 4 |  4.4

Action                   |  1- 3 |  4- 6 || total
-------------------------+-------+-------++-------
Melee: War axe           |    88 |   168 ||   256
  Use: Scroll            |       |    11 ||    11
       Potion            |       |     1 ||     1
Armor: Scale mail        |    18 |       ||    18
       Chain mail        |    44 |   105 ||   149
Dodge: Dodged            |    19 |    25 ||    44
Block: Kite shield       |    64 |    88 ||   152
